 Dungeon Crawl Stone Soup version 0.28-a0-819-g6ef7baa362 (webtiles) character file.

Game seed: 13355214353907967666

4153 bande the Cleaver (level 10, -3/61 HPs)
             Began as a Gargoyle Fighter on Nov 9, 2021.
             Slain by a death yak (11 damage)
             ... on level 6 of the Dungeon.
             The game lasted 00:14:55 (8278 turns).

bande the Cleaver (Gargoyle Fighter)                Turns: 8278, Time: 00:14:56

Health: -3/61      AC: 22    Str: 21    XL:     10   Next: 28%
Magic:  19/19      EV:  8    Int:  9    God:
Gold:   431        SH: 11    Dex: 15    Spells: 9/9 levels left

rFire   . . .      SeeInvis .   a - +1 war axe (elec)
rCold   . . .      Faith    .   c - +0 buckler
rNeg    + . .      Spirit   .   o - +0 chain mail
rPois   ∞          Reflect  +   (no helmet)
rElec   +          Harm     .   (no cloak)
rCorr   +          Rampage  .   k - +2 pair of gloves
Will    .....      Rnd*Tele +   q - +0 pair of boots
Stlth   ..........              t - amulet of reflection
HPRegen 1.20/turn               g - ring of resist corrosion
MPRegen 0.16/turn               n - ring of magical power

@: no status effects
A: sickness immunity, AC +7, negative energy resistance 1, electricity
resistance, torment resistance 1, petrification resistance, thin skeletal
structure 2, regeneration 1, teleportitis 1
a: no special abilities


You were on level 6 of the Dungeon.
You visited 2 branches of the dungeon, and saw 9 of its levels.

You collected 431 gold pieces.

Inventory:

Hand Weapons
 a - a +1 war axe of electrocution (weapon)
 i - a +2 flail of protection
Missiles
 j - 3 throwing nets (quivered)
Armour
 c - a +0 buckler (worn)
 k - a +2 pair of gloves (worn)
 o - a +0 chain mail (worn)
 q - a +0 pair of boots (worn)
 r - a +0 kite shield
Jewellery
 g - a ring of resist corrosion (left hand)
 n - a ring of magical power (right hand)
 t - an amulet of reflection (around neck)
 w - a ring of fire
Wands
 d - a wand of flame (18)
Scrolls
 e - 3 scrolls of enchant weapon
 h - a scroll of brand weapon
 u - a scroll of holy word
 y - a scroll of amnesia
Potions
 f - 4 potions of heal wounds
 l - 3 potions of magic
 m - a potion of brilliance
 p - 4 potions of curing
 s - 2 potions of might
 v - 2 potions of invisibility


   Skills:
 + Level 6.8 Fighting
 + Level 9.1 Axes
 + Level 7.3 Armour
 + Level 6.5 Shields
 * Level 4.5 Evocations


You had 9 spell levels left.
You didn't know any spells.
Your spell library contained the following spells:

 Spells                   Type           Power      Damage    Failure   Level
 Magic Dart               Conj           0%         1d3       97%         1
 Pain                     Necr           0%         1d4       97%         1
 Searing Ray              Conj           0%         2d4       99%         2
 Dazzling Flash           Conj/Hex       0%         N/A       100%        3
 Fulminant Prism          Conj/Hex       0%         3d6       100%        4
 Summon Ice Beast         Ice/Summ       0%         N/A       100%        4
 Agony                    Necr           0%         N/A       100%        5
 Alistair's Intoxication  Tmut/Pois      0%         N/A       100%        5
 Borgnjor's Vile Clutch   Necr/Erth      0%         N/A       100%        5
 Excruciating Wounds      Necr           0%         N/A       100%        5
 Silence                  Hex/Air        0%         N/A       100%        5
 Summon Mana Viper        Hex/Summ       0%         N/A       100%        5
 Eringya's Noxious Bog    Tmut/Pois      0%         N/A       100%        6
 Monstrous Menagerie      Summ           0%         N/A       100%        7


Dungeon Overview and Level Annotations

Branches:
Dungeon (8/15)             Temple (1/1) D:4
   Lair: D:8-11

Altars:
Ashenzari
Cheibriados
Dithmenos
Fedhas
Gozag
Hepliaklqana
Kikubaaqudgha
Makhleb
Nemelex Xobeh
Sif Muna
Trog
Vehumet
Wu Jian
Xom
Yredelemnul

Shops:
D:1 (   D:4 (   D:6 *?**


Innate Abilities, Weirdness & Mutations

You are immune to sickness and miasma.
Your stone body is resilient. (AC +7)
You are immune to poison.
You resist negative energy. (rN+)
You are resistant to electric shocks. (rElec)
You are resistant to unholy torment.
You are immune to petrification.
You have a moderately thin skeletal structure. (Dex +4, Stealth++)
Your natural rate of healing is unusually fast.
You are occasionally teleported next to monsters.


Message History

You hit the death yak.
The death yak is heavily wounded.
The death yak gores you!
Your chain mail prevents you from hitting the death yak.
The death yak is heavily wounded.
The death yak gores you!
You hit the death yak but do no damage.
The death yak is heavily wounded.
The death yak gores you!
You slash the death yak!
Lightning courses through the death yak!
The death yak is severely wounded.
The death yak gores you!!
* * * LOW HITPOINT WARNING * * *
You barely miss the death yak.
The death yak is severely wounded.
The death yak gores you.
* * * LOW HITPOINT WARNING * * *
You barely miss the death yak.
The death yak is severely wounded.
The death yak closely misses you.
You barely miss the death yak.
The death yak is severely wounded.
You block the death yak's attack.
You hit the death yak.
The death yak is severely wounded.
The death yak gores you but does no damage.
You hit the death yak.
The death yak is severely wounded.
The death yak gores you!
* * * LOW HITPOINT WARNING * * *
You hit the death yak.
The death yak is severely wounded.
The death yak gores you!
* * * LOW HITPOINT WARNING * * *
You hit the death yak but do no damage.
Lightning courses through the death yak!
The death yak is almost dead.
The death yak gores you!
You die...

........'.......................'
........###......########....####
.......## #.#.#..# ##.#.## #
#.....## #.###..# #.....# ##...##
#.###..# #.###.# ##+## #.##...#
#.# #.# #.# #.##.#.# #.###.# #
#.# #.##.#.# #.....# # ##.##
#.##.#@# ###.### # ##.∩.##
#....Y.# #.# # #.....### ####.###
#.# # ........######.# #.######
.#.............# #.......
.#...##.######## ########
........# #########


You could see a death yak.

Vanquished Creatures
  2 death yaks (D:7)
  Pikel (D:6)
  The ghost of scottley the Covert, a novice SpBr (D:5)
  Sigmund (D:2)
  3 ice beasts
  2 necrophages
  2 centaurs
  3 ogres
  A kobold brigand (D:7)
  A phantom (D:5)
  2 bullfrogs
  5 scorpions
  A howler monkey (D:7)
  A bullfrog zombie (D:7)
  A jelly (D:4)
  A bullfrog skeleton (D:5)
  A gnoll shaman (D:7)
  An orc priest (D:5)
  2 hounds (D:4)
  2 centaur skeletons
  Jessica (D:2)
  Natasha (D:3)
  An iguana (D:7)
  3 orc wizards (D:5)
  A hound skeleton (D:5)
  2 howler monkey zombies
  7 gnolls
  7 adders
  A white imp (D:7)
  2 ufetubi (D:5)
  3 worms (D:2)
  5 dart slugs
  16 orcs
  2 ball pythons (D:1)
  5 endoplasms
  3 giant cockroaches (D:4)
  7 goblins
  6 hobgoblins
  7 jackals (D:1)
  13 kobolds
  4 quokkas
  4 bats
  2 frilled lizards
  9 rats
  A bush (D:1)
147 creatures vanquished.

Vanquished Creatures (others)
  3 plants (D:1)
3 creatures vanquished.

Grand Total: 150 creatures vanquished

Notes
Turn   | Place    | Note
-------+----------+-------------------------------------------
     0 | D:1      | bande the Gargoyle Fighter began the quest for the Orb.
     0 | D:1      | Reached XP level 1. HP: 14/14 MP: 1/1
    43 | D:1      | Found Tickunod's Weapon Boutique.
    82 | D:1      | Reached XP level 2. HP: 14/19 MP: 2/2
   589 | D:1      | Found a faded altar of an unknown god.
   652 | D:1      | Reached skill level 2 in Axes
   733 | D:1      | Reached XP level 3. HP: 21/24 MP: 3/3
  1831 | D:2      | Noticed Jessica
  1835 | D:2      | Killed Jessica
  1836 | D:2      | Reached XP level 4. HP: 28/29 MP: 4/4
  2058 | D:2      | Reached skill level 3 in Axes
  2064 | D:2      | Reached XP level 5. HP: 16/33 MP: 5/5
  2372 | D:2      | Noticed Sigmund
  2390 | D:2      | Killed Sigmund
  2391 | D:2      | Reached skill level 4 in Axes
  2391 | D:2      | Reached XP level 6. HP: 35/39 MP: 6/6
  2797 | D:3      | Found an ancient bone altar of Kikubaaqudgha.
  3025 | D:3      | Noticed Natasha
  3035 | D:3      | Killed Natasha
  3517 | D:4      | Reached XP level 7. HP: 43/44 MP: 7/7
  3799 | D:4      | Reached skill level 5 in Axes
  3800 | D:4      | Found a staircase to the Ecumenical Temple.
  3813 | Temple   | Entered the Ecumenical Temple
  4017 | D:4      | Found a burning altar of Makhleb.
  4017 | D:4      | Found a basalt altar of Yredelemnul.
  4359 | D:4      | Found Joemog's Antique Weapon Emporium.
  4456 | D:5      | Entered Level 5 of the Dungeon
  4482 | D:5      | Reached skill level 5 in Armour
  5049 | D:5      | Found a runed translucent door.
  5080 | D:5      | Found an opulent altar of Gozag.
  5196 | D:5      | Reached skill level 5 in Fighting
  5240 | D:5      | Reached skill level 6 in Axes
  5240 | D:5      | Reached XP level 8. HP: 49/49 MP: 8/8
  5250 | D:5      | Found a sparkling altar of Nemelex Xobeh.
  5282 | D:5      | Noticed scottley's ghost (novice SpBr)
  5691 | D:5      | Reached skill level 1 in Evocations
  5712 | D:5      | Found a shadowy altar of Dithmenos.
  5744 | D:5      | Reached skill level 5 in Shields
  5960 | D:5      | Killed scottley's ghost
  6114 | D:6      | Reached skill level 7 in Axes
  6213 | D:6      | Found Keurox's General Store.
  6233 | D:6      | Reached XP level 9. HP: 42/55 MP: 9/9
  6429 | D:6      | Noticed Pikel
  6442 | D:6      | Killed Pikel
  6445 | D:6      | Found Pirafes's General Store.
  6632 | D:6      | Found Ojeanoru's Assorted Antiques.
  6694 | D:6      | Found Ugienaru's Magic Scroll Shoppe.
  6716 | D:6      | Identified the +1 leather armour of Dishonour {+Blink rC+
                  | Int+4}
  6895 | D:6      | Gained mutation: You are occasionally teleported next to
                  | monsters. [potion of mutation]
  6895 | D:6      | Gained mutation: You have a somewhat thin skeletal
                  | structure. (Dex +2, Stealth+) [potion of mutation]
  6895 | D:6      | Gained mutation: You have a moderately thin skeletal
                  | structure. (Dex +4, Stealth++) [potion of mutation]
  6895 | D:6      | Gained mutation: Your natural rate of healing is unusually
                  | fast. [potion of mutation]
  7118 | D:7      | Reached skill level 8 in Axes
  7580 | D:8      | Noticed a death yak
  7580 | D:8      | Noticed a death yak
  7599 | D:7      | Killed a death yak
  7600 | D:7      | Reached XP level 10. HP: 32/61 MP: 10/10
  7825 | D:8      | Noticed a death yak
  7825 | D:8      | Noticed a death yak
  7825 | D:8      | Noticed a death yak
  7826 | D:8      | Noticed a death yak
  7842 | D:7      | Killed a death yak
  7843 | D:7      | Reached skill level 9 in Axes
  8278 | D:6      | Slain by a death yak

Illustrated notes

Levels and vault maps discovered:
D:1:      dpeg_arrival_boxes_within_box, layout_basic, serial_forest,
          infiniplex_forest_straight_3, infiniplex_forest_end_2,
          infiniplex_forest_lined_ring, infiniplex_forest_straight_2,
          infiniplex_forest_clump_tiny, infiniplex_forest_clump_cross,
          hellmonk_ecumenical_altar_inner_sanctum, serial_shops, shop,
          minmay_vboxes
D:2:      layout_rooms, minmay_split_cup_small, uniq_sigmund, uniq_jessica
D:3:      minmay_inner_zag, layout_loops_ring, mainiacjoe_overflow_alcove_2,
          uniq_natasha
D:4:      layout_loops_ring, nicolae_overflow_hidden_temple,
          grunt_temple_overflow_open, minmay_temple_entry_grid, serial_shops,
          nicolae_take_the_stairs
D:5:      layout_cave_pods, lemuel_round_altar,
          mainiacjoe_overflow_concentric_impassable,
          lemuel_coloured_pillars_altar, ebering_ghost_sewer_d, minmay_between
D:6:      layout_loops_corners, serial_glass, glass_columns_b, glass_columns_a,
          serial_shops, nicolae_shop_overgrown_old_shop, shop, shop,
          nicolae_diamond_shop, uniq_pikel
D:7:      layout_rooms
D:8:      layout_rooms, general_overflow_altar, nicolae_elyvilon_temple_path,
          dpeg_lair_monsters, minivault_23, minivault_11, hex_large
Temple:   kb_temple_of_zot

Skill      XL: |  1  2  3  4  5  6  7  8  9 10 |
---------------+-------------------------------+-----
Axes           | 2 3 4 6 7 8 9 |  9.1
Fighting       | 4 5 6 |  6.8
Armour         | 4 5 6 7 |  7.3
Shields        | 4 5 6 |  6.5
Evocations     | 2 4 |  4.5

Action                   |  1- 3 |  4- 6 |  7- 9 | 10-12 || total
-------------------------+-------+-------+-------+-------++-------
Melee: War axe           |   166 |    97 |   229 |    30 ||   522
  Use: Scroll            |     3 |     8 |     9 |     1 ||    21
       Potion            |       |     1 |     1 |     2 ||     4
Armor: Scale mail        |    60 |    39 |     4 |       ||   103
       Chain mail        |       |       |   173 |    14 ||   187
Dodge: Dodged            |    48 |    55 |    81 |     9 ||   193
Block: Buckler           |    20 |    22 |   105 |    13 ||   160
       Reflection        |       |       |     2 |       ||     2

Table legend: (Time is in decaauts)
 A = Elapsed time spent in this place.
 B = Non-inter-level travel time spent in this place.
 C = Inter-level travel time spent in this place.
 D = Time resting spent in this place.
 E = Time spent auto-exploring this place.
 F = Levels seen in this place.
 G = Mean time per level.
                   A        B        C        D        E       F      G
               +--------+--------+--------+--------+--------+-----+--------+
         Total |   8411 |   8199 |    212 |    955 |   5598 |   9 |  934.6 |
       Dungeon |   8260 |   8074 |    186 |    955 |   5511 |   8 | 1032.5 |
        Temple |    151 |    125 |     26 |      0 |     87 |   1 |  151.0 |
               +--------+--------+--------+--------+--------+-----+--------+

Top non-repeatable levels by time:
     D:1: 1711 daAuts
     D:5: 1642 daAuts
     D:7: 1129 daAuts
     D:2: 1054 daAuts
     D:6: 1045 daAuts
     D:4: 875 daAuts
     D:3: 790 daAuts
  Temple: 151 daAuts
     D:8: 11 daAuts
